 Dungeon Crawl Stone Soup version 0.30-a0-140-gd1020e658a (webtiles) character file.

Game seed: 8154452181577344137

60 Decritt the Trooper (level 4, -4/29 HPs)
             Began as a Gargoyle Fighter on Sept 24, 2022.
             Killed by divine providence
             ... invoked by an orc priest
              (15 damage)
             ... on level 2 of the Dungeon.
             The game lasted 00:02:16 (1982 turns).

Decritt the Trooper (Gargoyle Fighter)              Turns: 1982, Time: 00:02:17

Health: -4/29      AC: 11    Str: 21    XL:     4   Next: 6%
Magic:  4/4        EV:  9    Int:  9    God:
Gold:   90         SH:  4    Dex:  9    Spells: 3/3 levels left

rFire   . . .      SeeInvis .    j - +0 whip
rCold   . . .      Faith    .    c - +0 buckler
rNeg    + . .      Spirit   .    b - +0 scale mail
rPois   ∞          Reflect  .    e - +0 helmet
rElec   +          Harm     .    (no cloak)
rCorr   .          Rampage  .    (no gloves)
Will    .....                    (no boots)
Stlth   ..........               (no amulet)
HPRegen 0.09/turn                (no ring)
MPRegen 0.09/turn                (no ring)

@: mighty
A: sickness immunity, AC +3, negative energy resistance 1, electricity
resistance, torment resistance 1, petrification resistance
a: no special abilities


You were on level 2 of the Dungeon.
You visited 1 branch of the dungeon, and saw 2 of its levels.

You collected 90 gold pieces.

Inventory:

Hand Weapons
 a - a +0 flail
 j - a +0 whip (weapon)
Armour
 b - a +0 scale mail (worn)
 c - a +0 buckler (worn)
 e - a +0 helmet (worn)
Scrolls
 f - a scroll of teleportation {unknown}
 g - a scroll of vulnerability {unknown}
 i - a scroll of magic mapping {unknown}
Potions
 h - a potion of magic {unknown}
 k - 3 potions of curing {unknown}
 l - a potion of brilliance {unknown}


   Skills:
 * Level 4.0 Fighting
 * Level 2.9 Maces & Flails
 * Level 3.9 Armour
 + Level 3.5 Shields


You had 3 spell levels left.
You didn't know any spells.
Your spell library contained the following spells:

 Spells                   Type           Power      Damage    Failure   Level
 Tukima's Dance           Hex            0%         N/A       99%         3
 Passage of Golubria      Tloc           0%         N/A       100%        4
 Yara's Violent Unravell  Hex/Tmut       0%         3d3       100%        5


Dungeon Overview and Level Annotations

Branches:
Dungeon (2/15)

Altars:


Innate Abilities, Weirdness & Mutations

You are immune to sickness and miasma.
Your stone body is resilient. (AC +3)
You are immune to poison.
You resist negative energy. (rN+)
You are resistant to electric shocks. (rElec)
You are resistant to unholy torment.
You are immune to petrification.


Message History

The orc attacks as you move away! The orc hits you with a +0 mace.
You closely miss the orc. The orc hits you but does no damage.
You barely miss the orc. The orc hits you with a +0 mace.
You closely miss the orc. You closely miss the orc. The orc barely misses you.
The orc hits you but does no damage.
You hit the orc.
The orc is lightly wounded.
The orc priest hits you but does no damage.
The orc completely misses you. The orc hits you but does no damage.
You barely miss the orc.
The orc is lightly wounded.
The orc priest hits you but does no damage.
The orc misses you. The orc hits you but does no damage.
You hit the orc.
The orc is almost dead.
The orc priest miscasts a cantrip.
The orc hits you but does no damage. The orc barely misses you.
You hit the orc.
You kill the orc!
The orc priest hits you from afar with a +0 trident.
You block the orc's attack.
You hit the orc.
The orc is heavily wounded.
The orc priest closely misses you. The orc hits you with a +0 mace.
The orc hits you but does no damage.
You closely miss the orc.
The orc is heavily wounded.
The orc priest hits you from afar with a +0 trident!
* * * LOW HITPOINT WARNING * * *
The orc hits you but does no damage. The orc hits you with a +0 whip.
* * * LOW HITPOINT WARNING * * *
The orc attacks as you move away! The orc barely misses you.
The orc attacks as you move away! The orc barely misses you.
The orc priest begins to cast a cantrip, but forgets the words!
You feel very mighty all of a sudden.
The orc priest calls down the wrath of Beogh upon you.
Beogh smites you!
Ouch! That really hurt!
You die...

##########
#######o........
..........ooo.).
#######o########
........o.oo.# #
#####.######@#
... ... #.# .###
#.## #.# ... ..
#.# .## # #.#
.#### #.# ....#
#.# ....# #.#
##### #.#


You could see 2 orc priests and 2 orcs.

Vanquished Creatures
  An adder (D:2)
  2 worms (D:2)
  A dart slug (D:1)
  An orc (D:2)
  4 endoplasms
  3 giant cockroaches
  6 goblins
  7 hobgoblins
  2 jackals (D:1)
  2 quokkas (D:1)
  3 ball pythons
  2 bats
  3 kobolds (D:1)
  2 rats (D:2)
39 creatures vanquished.

Vanquished Creatures (others)
  2 plants (D:2)
2 creatures vanquished.

Grand Total: 41 creatures vanquished

Notes
Turn   | Place    | Note
-------+----------+-------------------------------------------
     0 | D:1      | Decritt the Gargoyle Fighter began the quest for the Orb.
     0 | D:1      | Reached XP level 1. HP: 14/14 MP: 1/1
   126 | D:1      | Reached XP level 2. HP: 19/19 MP: 2/2
   470 | D:1      | Reached XP level 3. HP: 10/24 MP: 3/3
  1645 | D:2      | Found a faded altar of an unknown god.
  1843 | D:2      | Reached skill level 4 in Fighting
  1843 | D:2      | Reached XP level 4. HP: 26/29 MP: 4/4
  1982 | D:2      | Killed from afar by an orc priest

Illustrated notes

Levels and vault maps discovered:
D:1:      lightli_arrival_lavapool, layout_rooms
D:2:      layout_basic, serial_aquarium, aquarium_bridge_straight
          [aquarium_subvault_bridge, aquarium_subvault_window,
          aquarium_subvault_bridge, aquarium_subvault_wall],
          aquarium_window_fake, aquarium_window_fake, aquarium_window_2,
          aquarium_window_fake, aquarium_view_2c, aquarium_view_2f,
          serial_shops, shop, shapermc_ecumenical_altar_acropolis

Skill      XL: |  1  2  3 |
---------------+----------+-----
Fighting       | 4 |  4.0
Maces & Flails | |  2.9
Armour         | |  3.9
Shields        | |  3.5

Action                   |  1- 3 |  4- 6 || total
-------------------------+-------+-------++-------
Melee: Flail             |    30 |       ||    30
       Whip              |   131 |    17 ||   148
  Use: Potion            |       |     1 ||     1
Armor: Scale mail        |    98 |    13 ||   111
Dodge: Dodged            |    64 |    11 ||    75
Block: Buckler           |    27 |     1 ||    28

Table legend: (Time is in decaauts)
 A = Elapsed time spent in this place.
 B = Non-inter-level travel time spent in this place.
 C = Inter-level travel time spent in this place.
 D = Time resting spent in this place.
 E = Time spent auto-exploring this place.
 F = Levels seen in this place.
 G = Mean time per level.
                   A        B        C        D        E       F      G
               +--------+--------+--------+--------+--------+-----+--------+
         Total |   1993 |   1984 |      9 |    359 |   1287 |   2 |  996.5 |
       Dungeon |   1993 |   1984 |      9 |    359 |   1287 |   2 |  996.5 |
               +--------+--------+--------+--------+--------+-----+--------+

Top non-repeatable levels by time:
     D:1: 1063 daAuts
     D:2: 930 daAuts
